 Dungeon Crawl Stone Soup version 0.30.1 (webtiles) character file.

Game seed: 11448119293689695391

2833 AIAndy the Grappler (level 9, -1/89 HPs)
             Began as a Troll Chaos Knight on July 5, 2023.
             Was a Plaything of Xom.
             Killed from afar by Erica (17 damage)
             ... with a lance of force
             ... on level 8 of the Dungeon.
             The game lasted 00:18:47 (4390 turns).

AIAndy the Grappler (Troll Chaos Knight)            Turns: 4390, Time: 00:18:48

Health: -1/89      AC:  7    Str: 25    XL:     9   Next: 45%
Magic:  8/8        EV: 11    Int: 13    God:    Xom [..*...]
Gold:   233        SH:  0    Dex: 13    Spells: 8/8 levels left

rFire   . .          .
                       - Unarmed
rCold   . . .        (no shield)
rNeg    . . .        a - +2 robe
rPois   +            (helmet restricted)
rElec   .            j - +0 cloak
rCorr   .            (gloves unavailable)
SInv    .            (boots unavailable)
Will    .....        s - amulet of regeneration
Stlth   +            y - +6 ring of intelligence
HPRegen 1.94/turn    p - ring of poison resistance
MPRegen 0.11/turn

%: no passive effects
@: lethally poisoned (-1 -> -2), about to teleport, slowed, very slow
A: large, unfitting armour, claws 3, regeneration 1, shaggy fur 1, tough skin 1,
agile 1
a: Renounce Religion


You were on level 8 of the Dungeon.
You worshipped Xom.
You were a toy of Xom.
You visited 1 branch of the dungeon, and saw 8 of its levels.

You collected 402 gold pieces.
You spent 169 gold pieces at shops.

Inventory:

Hand Weapons
 h - a +2 dagger of venom
 l - the +2 hand axe of Gozag's Vengeance {drain, Int+6 Dex-2 SInv Stlth+}
   (You found it on level 3 of the Dungeon)

   Int:       It affects your intelligence (+6).
   Dex:       It affects your dexterity (-2).
   SInv:      It lets you see invisible.
   Stlth:     It makes you more stealthy.
 x - a +2 short sword of draining
 z - a +2 hand axe of flaming
 G - a +4 dagger
Missiles
 g - 4 boomerangs
 o - 13 poisoned darts (quivered)
 E - a curare-tipped dart
Armour
 a - a +2 robe (worn)
 j - a +0 cloak (worn)
Jewellery
 m - a ring of magical power
 p - a ring of poison resistance (right claw)
 s - an amulet of regeneration (around neck)
 y - a +6 ring of intelligence (left claw)
Wands
 v - a wand of mindburst (13)
 C - a wand of polymorph (5)
Scrolls
 e - 4 scrolls of teleportation
 r - a scroll of immolation {unknown}
 t - a scroll of fear {unknown}
 w - a scroll of blinking
 A - 3 scrolls of enchant weapon {unknown}
 B - 2 scrolls of vulnerability {unknown}
 D - a scroll of amnesia {unknown}
Potions
 c - a potion of haste
 d - a potion of attraction {unknown}
 f - a potion of magic {unknown}
 i - 2 potions of curing
 k - 2 potions of lignification
 n - 4 potions of brilliance
 q - a potion of heal wounds
 u - a potion of flight {unknown}
 F - 2 potions of invisibility
Miscellaneous
 b - a piece from Xom's chessboard (14/15)


   Skills:
 + Level 6.2 Fighting
 + Level 4.3 Dodging
 + Level 10.5 Unarmed Combat


You had 8 spell levels left.
You didn't know any spells.
Your spell library contained the following spells:

 Spells                   Type           Power      Damage    Failure   Level
 Tukima's Dance           Hex            0%         N/A       67%         3
 Animate Dead             Necr           0%         N/A       97%         4
 Passage of Golubria      Tloc           0%         N/A       97%         4
 Yara's Violent Unravell  Hex/Tmut       0%         3d3       100%        5
 Haunt                    Necr/Summ      0%         N/A       100%        7
 Infestation              Necr           0%         N/A       100%        8


Dungeon Overview and Level Annotations

Branches:
Dungeon (8/15)             Temple (0/1) D:4
   Lair: D:8-11

Altars:
Dithmenos
Elyvilon
Qazlal
Trog
Xom
Zin

Shops:
D:5 *[([

Annotations:
D:8 Erica, Maggie


Innate Abilities, Weirdness & Mutations

You are too large for most types of armour.
You have claws for hands.
Your natural rate of healing is unusually fast.
You are covered in fur. (AC +1)
You have tough skin. (AC +1)
You are agile. (Dex +4, Str/Int -1)


Message History

* * * LOW HITPOINT WARNING * * *
Something burns you.
* * * LOW HITPOINT WARNING * * *
The killer bee closely misses you.
Your shadow imp misses the killer bee.
It was a potion of heal wounds.
You feel much better. The killer bee stings you.
* * * LOW HITPOINT WARNING * * *
The killer bee misses you. Something hits you!
* * * LOW HITPOINT WARNING * * *
Something burns you.
* * * LOW HITPOINT WARNING * * *
Your shadow imp hits the killer bee but does no damage.
The killer bee closely misses you.
The killer bee stings your shadow imp but does no damage.
Something hits you.
* * * LOW HITPOINT WARNING * * *
Something burns you.
* * * LOW HITPOINT WARNING * * *
You feel much better. The killer bee barely misses you.
The killer bee closely misses you.
Your shadow imp closely misses the killer bee.
Something hits you! Something burns you. The killer bee misses you.
Your shadow imp completely misses the killer bee.
Okay, then.
As you read the scroll of teleportation, it crumbles to dust.
You feel strangely unstable. The killer bee stings you.
You are poisoned.
The killer bee poisons you!
The killer bee stings you but does no damage.
Something hits you!
* * * LOW HITPOINT WARNING * * *
Something burns you.
* * * LOW HITPOINT WARNING * * *
Your shadow imp misses the killer bee.
The killer bee stings you but does no damage.
You hear some strange, mumbled words.
A lance of force appears from out of thin air!
The lance of force hits you!
You die...
Xom chortles!

,* <* * * #.#******** ****
* * #.#,,,,,,,, *********
,****#.#,***,,,,, * ,,,
,,,,,,,,,,...,,,, ,, * *
*************#.# ,, ,,,,* *
,,..#< * #.#,* ,,,,,*
,,....,* #y#,,,,,,**** *,
*##..+#########@#,#*,,,,* ,
#............#{#.##..*,**
**
,,#............5y.......,,
, ,
,,#................##...,,,
, , ,
#............#.###**,*
,****, ,
#...........#...,,,, ,,, ,
**,##..........#####*
*,,,** , *,*,##.........#
*,, ,, , ,,*#.........#
*,,, , * ,


You could see 2 killer bees and a friendly shadow imp (summoned).

Vanquished Creatures
  Grinder (D:3)
  A water moccasin (D:7)
  An ice beast (D:6)
  An ogre (D:5)
  2 sky beasts
  2 centaurs
  A phantom (D:6)
  3 kobold brigands
  2 bullfrogs
  2 scorpions
  5 killer bees
  3 howler monkeys (D:8)
  A gnoll bouda (D:7)
  6 hounds
  4 orc priests
  5 sleepcaps
  5 orc wizards
  3 iguanas
  7 gnolls
  6 adders
  A white imp (D:7)
  2 ufetubi
  A worm (D:2)
  3 dart slugs
  28 orcs
  4 bats
  6 endoplasms
  13 goblins
  7 hobgoblins
  7 jackals
  2 quokkas
  7 ball pythons
  A frilled lizard (D:1)
  17 kobolds
  5 rats
165 creatures vanquished.

Vanquished Creatures (collateral kills)
  A hornet (D:8)
1 creature vanquished.

Vanquished Creatures (others)
  An orc wizard (D:8)
1 creature vanquished.

Grand Total: 167 creatures vanquished

Notes
Turn   | Place    | Note
-------+----------+-------------------------------------------
     0 | D:1      | AIAndy the Troll Chaos Knight began the quest for the Orb.
     0 | D:1      | Reached XP level 1. HP: 22/22 MP: 0/0
   112 | D:1      | Reached XP level 2. HP: 28/29 MP: 1/1
   388 | D:2      | Reached skill level 4 in Unarmed Combat
   448 | D:2      | Reached XP level 3. HP: 33/36 MP: 2/2
   741 | D:3      | Reached XP level 4. HP: 44/44 MP: 3/3
   877 | D:3      | Identified the +2 hand axe of Gozag's Vengeance {drain,
                  | Int+6 Dex-2 SInv Stlth+}
   916 | D:3      | XOM: potion effect (haste)
   922 | D:3      | Reached skill level 5 in Unarmed Combat
   924 | D:3      | Noticed Grinder
   941 | D:3      | Killed Grinder
   942 | D:3      | Reached skill level 6 in Unarmed Combat
   942 | D:3      | Reached XP level 5. HP: 44/50 MP: 4/4
   942 | D:3      | Reached XP level 6. HP: 52/59 MP: 5/5
  1102 | D:3      | Reached skill level 7 in Unarmed Combat
  1153 | D:3      | XOM: give mutation
  1153 | D:3      | Gained mutation: You are agile. (Dex +4, Str/Int -1) [Xom's
                  | mischief]
  1197 | D:3      | Found a shimmering altar of Xom.
  1213 | D:3      | XOM: cleaving
  1265 | D:3      | XOM: god gift: 2 stones
  1681 | D:4      | Found a staircase to the Ecumenical Temple.
  2034 | D:5      | Entered Level 5 of the Dungeon
  2066 | D:5      | Reached skill level 8 in Unarmed Combat
  2066 | D:5      | Reached XP level 7. HP: 60/66 MP: 6/6
  2094 | D:5      | XOM: enchant monster (good)
  2189 | D:5      | Found Fookuttu's Armour Boutique.
  2197 | D:5      | Bought a +0 cloak for 54 gold pieces
  2312 | D:5      | Found Fofaegad's Armour Shoppe.
  2344 | D:5      | Found Letis's Weapon Emporium.
  2568 | D:5      | XOM is BORED!
  2576 | D:5      | Found Uthyc's Assorted Antiques.
  2584 | D:5      | Bought a square lapis lazuli amulet for 115 gold pieces
  2852 | D:6      | XOM: noise
  3011 | D:6      | XOM: noise
  3022 | D:6      | XOM: noise
  3029 | D:6      | Reached XP level 8. HP: 78/78 MP: 7/7
  3041 | D:6      | Reached skill level 9 in Unarmed Combat
  3115 | D:6      | Found a bloodstained altar of Trog.
  3181 | D:6      | Found a white marble altar of Elyvilon.
  3245 | D:6      | XOM: summons 1 hostile demon
  3428 | D:6      | Found a glowing silver altar of Zin.
  3515 | D:7      | Reached skill level 5 in Fighting
  3673 | D:7      | XOM: swap monsters
  3757 | D:7      | Reached skill level 10 in Unarmed Combat
  3763 | D:7      | XOM: noise
  3770 | D:7      | Reached XP level 9. HP: 23/88 MP: 8/8
  4031 | D:7      | XOM: blink monster(s)
  4259 | D:8      | Found a shadowy altar of Dithmenos.
  4259 | D:8      | Found a stormy altar of Qazlal.
  4287 | D:8      | XOM: smoke on damage
  4300 | D:8      | XOM: cast spell 'Monstrous Menagerie'
  4352 | D:8      | Noticed Maggie
  4363 | D:8      | Noticed Erica
  4363 | D:8      | XOM: 1-stop teleportation journey
  4367 | D:8      | XOM: divination: magic mapping
  4382 | D:8      | XOM: summons 2 friendly demons
  4387 | D:8      | HP: 4/89 [something (5)]
  4390 | D:8      | Killed from afar by Erica

Illustrated notes

Levels and vault maps discovered:
D:1:      minmay_arrival_four_circles, layout_basic, hangedman_decor_lopped
D:2:      layout_rooms
D:3:      layout_loops_corners, xom_butterflies, minmay_misc_feat_secret_circle,
          hangedman_glass_teeth, uniq_grinder
D:4:      layout_rooms, minmay_temple_entry_glass, hex_intersection
D:5:      layout_rooms, serial_shops, shop, nicolae_shop_crystal,
          nicolae_shop_rolling_square, shop, serial_co_window_serial,
          co_window_corner_a, co_window_paths_b, co_window_paths_a,
          co_window_paths_b, co_window_corner_a, co_window_broadway_b,
          co_window_corner_b, co_window_unsneaky_path_b,
          co_window_unsneaky_path_b, co_window_corner_cb, co_window_broadway_a,
          co_window_4corner_b
D:6:      cheibrodos_helix_gallery, layout_rooms, mainiacjoe_overflow_alcove_1,
          elyvilon_altar_4, zin_scriptorium, minmay_quadrilaterals
D:7:      layout_loops_cross, hellmonk_no_cap
D:8:      layout_basic, gammafunk_temple_overflow_elements,
          minmay_manual_macuahuitl, uniq_erica, uniq_gastronok, uniq_maggie

Skill      XL: |  1  2  3  4  5  6  7  8  9 |
---------------+----------------------------+-----
Dodging        | 2 3 4 |  4.3
Unarmed Combat | 4 6 8 10 | 10.5
Fighting       | 4 5 6 |  6.2

Action                     |  1- 3 |  4- 6 |  7- 9 || total
---------------------------+-------+-------+-------++-------
  Melee: Unarmed           |    97 |    84 |   245 ||   426
         Punch             |     1 |     2 |    13 ||    16
  Throw: Dart              |       |       |     9 ||     9
  Evoke: Wand              |       |       |     3 ||     3
         Piece from Xom's  |       |       |     1 ||     1
    Use: Scroll            |       |     7 |     3 ||    10
         Potion            |       |       |     2 ||     2
   Stab: Sleeping          |       |     3 |       ||     3
         Paralysed         |       |       |     2 ||     2
         Confused          |       |       |     1 ||     1
 Armour: Robe              |    40 |    24 |    94 ||   158
  Dodge: Dodged            |    57 |    37 |   120 ||   214
